Map: Kairos Junction LE

Players

Lambo - Winner!

  • Race: Zerg Zerg
  • League: Master
  • Spawn Location: 5:00

Harstem

  • Race: Protoss Protoss
  • League: Grandmaster
  • Spawn Location: 11:00

Event: QLASH StarCraft II Invitational 2 Offline Finals

VOD

Have the link to the VOD?

Description

Time

  • Played on: July 27, 2019, 1:29 p.m.
  • Length: 15:29

All games in this series

Show
View Real Time Build Order
Export as new Build Order

Lambo Zerg - Winner!

Build Orders: Hatch First 

Get SALT Encoding   

  12  0:01  Drone  
  13  0:12  Overlord  
  13  0:17  Drone  
  14  0:30  Drone x2  
  16  0:48  Hatchery  
  15  0:51  Drone  
  15  0:54  Drone  
  17  0:58  Drone  
  18  1:08  Extractor  
  17  1:12  Spawning Pool  
  17  1:16  Drone  
  17  1:19  Drone  
  18  1:28  Drone  
  19  1:39  Drone  
  20  1:50  Drone  
  21  2:00  Zergling x2, Queen x2  
  26  2:01  Overlord  
  26  2:11  Drone x2  
  28  2:22  Drone x2  
  30  2:34  Hatchery, Drone  
  30  2:37  Pneumatized Carapace  
  30  2:43  Drone  
  31  2:44  Drone  
  31  2:45  Overlord  
  32  2:51  Queen  
  32  2:57  Drone x2  
  36  3:05  Drone x2  
  38  3:08  Drone x2  
  38  3:09  Drone  
  41  3:15  Overlord  
  41  3:18  Drone  
  42  3:22  Metabolic Boost  
  42  3:27  Queen  
  44  3:34  Drone x2  
  44  3:35  Roach Warren  
  44  3:36  Drone  
  44  3:39  Overlord  
  46  3:44  Extractor  
  46  3:45  Overlord  
  45  3:50  Overlord  
  45  3:56  Extractor  
  44  4:03  Zergling x8  
  48  4:15  Roach x6  
  60  4:17  Overlord  
  60  4:22  Drone  
  60  4:23  Drone x2  
  63  4:24  Zergling x4  
  63  4:27  Drone x2  
  63  4:30  Roach  
  63  4:31  Roach  
  71  4:35  Drone x2  
  71  4:36  Ravager  
  71  4:37  Drone  
  75  4:47  Drone x5  
  75  4:51  Drone  
  78  4:54  Drone x2  
  78  4:55  Evolution Chamber  
  78  4:57  Drone  
  78  4:59  Lair  
  80  5:04  Drone x2  
  82  5:11  Overlord, Extractor  
  82  5:13  Overlord  
  81  5:15  Overlord x2  
  81  5:22  Overlord  
  81  5:25  Overlord x2  
  81  5:30  Roach x3  
  81  5:32  Roach  
  89  5:35  Overlord  
  89  5:37  Roach x2  
  89  5:38  Ravager  
  89  5:41  Roach  
  89  5:42  Roach  
  98  5:46  Roach x2  
  98  5:48  Ravager x2  
  104  5:51  Roach  
  104  5:52  Roach  
  104  5:57  Roach x2  
  112  6:01  Roach x2, Zergling x2  
  112  6:02  Zergling x2  
  112  6:03  Roach  
  119  6:14  Roach x2  
  119  6:15  Roach x3  
  119  6:17  Overlord  
  129  6:20  Roach x2  
  133  6:26  Roach x2  
  137  6:33  Overlord  
  137  6:35  Overlord  
  137  6:37  Overlord, Ravager  
  139  6:40  Zergling x12  
  139  6:41  Ravager  
  145  6:53  Overlord  
  144  6:56  Roach x5  
  144  6:58  Ravager  
  154  7:04  Roach x4  
  162  7:11  Roach x3  
  165  7:16  Roach x2  
  153  7:24  Zergling x2  
  153  7:25  Zergling x8  
  146  7:32  Zergling x8  
  146  7:36  Roach  
  138  7:38  Ravager x2  
  138  7:39  Ravager  
  138  7:41  Queen x2  
  138  7:42  Queen  
  138  7:43  Roach x2  
  151  7:46  Zergling x2  
  151  7:49  Zergling x4  
  151  7:51  Ravager  
  153  7:59  Roach x2  
  153  8:05  Roach x4  
  150  8:14  Roach x4  
  150  8:18  Roach  
  150  8:19  Roach  
  149  8:23  Zergling x6  
  144  8:28  Zergling x10  
  147  8:34  Zergling x4  
  145  8:42  Zergling x2  
  145  8:43  Zergling x2  
  145  8:47  Roach  
  131  8:51  Roach x4  
  138  8:56  Ravager  
  138  8:58  Roach x4, Zergling x4  
  138  8:59  Zergling x2  
  148  9:08  Zergling x6  
  139  9:13  Roach x2  
  118  9:18  Roach x4  
  118  9:21  Roach  
  114  9:27  Roach x4  
  114  9:31  Ravager x3  
  124  9:36  Zergling x6  
  124  9:37  Queen x2  
  133  9:38  Zergling x4  
  133  9:40  Ravager  
  133  9:41  Hatchery  
  133  9:42  Zergling x4  
  136  9:47  Zergling x2  
  136  9:48  Zergling x6  
  136  9:49  Ravager  
  136  9:51  Zergling x2  
  142  9:59  Zergling x4  
  126  10:04  Zergling x2  
  104  10:07  Zergling x4  
  104  10:10  Zergling x6  
  104  10:11  Zergling x4  
  97  10:15  Zergling x10  
  97  10:20  Roach  
  98  10:25  Queen x2  
  98  10:27  Roach x2  
  104  10:32  Roach  
  105  10:37  Roach x2  
  105  10:38  Roach x2  
  105  10:41  Roach x2  
  116  10:45  Ravager  
  116  10:49  Roach x4  
  125  10:51  Ravager x2  
  121  10:58  Roach  
  121  10:59  Roach x2  
  121  11:02  Zergling x6  
  117  11:05  Zergling x4  
  117  11:06  Zergling x4  
  117  11:09  Zergling x4  
  123  11:15  Ravager x4  
  123  11:16  Zergling x6  
  130  11:21  Zergling x2  
  130  11:22  Zergling x4  
  125  11:27  Roach x3  
  125  11:32  Zergling x6  
  120  11:37  Zergling x2  
  120  11:38  Zergling x2  
  115  11:40  Ravager  
  115  11:45  Ravager  
  115  11:46  Roach x4  
  121  11:54  Roach x2  
  121  11:55  Roach x2  
  121  11:59  Roach x2  
  130  12:02  Roach  
  130  12:05  Roach  
  130  12:08  Zergling x6  
  135  12:12  Roach, Zergling x2  
  130  12:15  Zergling x4  
  130  12:19  Ravager  
  130  12:21  Ravager  
  133  12:23  Zergling x8  
  133  12:28  Zergling x6  
  140  12:33  Zergling x4  
  125  12:39  Zergling x4  
  110  12:46  Roach x3  
  110  12:49  Roach  
  113  12:53  Zergling x4  
  113  12:55  Ravager x2  
  113  12:56  Roach  
  119  13:00  Queen x2  
  119  13:02  Roach x2  
  127  13:06  Roach x2  
  127  13:09  Ravager  
  127  13:11  Roach  
  134  13:19  Roach x3  
  140  13:23  Ravager x2  
  140  13:26  Roach x2  
  139  13:35  Roach  
  139  13:36  Roach x3  
  139  13:40  Zergling x14  
  153  13:46  Queen x2  
  155  13:50  Zergling x6  
  154  14:01  Roach x2, Zergling x6  
  160  14:05  Ravager x2  
  160  14:06  Zergling x8  
  160  14:09  Zergling x2  
  167  14:10  Overseer  
  167  14:15  Overlord  
  167  14:17  Zergling x2  
  168  14:24  Overlord  
  168  14:27  Overlord  
  168  14:30  Overlord  
  168  14:35  Baneling Nest  
  168  14:37  Ravager  
  168  14:38  Drone x6  
  173  14:39  Drone  
  175  14:51  Zergling x22  
  186  15:02  Overseer  
  186  15:06  Zergling x2  
  186  15:07  Zergling x6  
  189  15:11  Zergling x2  
  189  15:12  Zergling x6  
Show
View Real Time Build Order
Export as new Build Order

Harstem Protoss 

Build Orders: 1 Gate Expand 

Get SALT Encoding   

  12  0:00  Probe  
  13  0:13  Probe  
  14  0:18  Pylon  
  14  0:24  Probe  
  15  0:32  Probe, Assimilator  
  15  0:40  Probe  
  16  0:47  Gateway  
  17  0:51  Probe  
  18  1:03  Probe  
  19  1:15  Probe  
  20  1:23  Nexus  
  20  1:33  Cybernetics Core  
  20  1:36  Probe  
  21  1:41  Assimilator  
  21  1:48  Probe  
  21  1:51  Pylon  
  22  2:00  Adept, Probe  
  23  2:12  Probe  
  23  2:14  Robotics Facility  
  26  2:20  Stalker  
  26  2:24  Probe  
  27  2:31  Warp Gate  
  27  2:36  Probe  
  27  2:37  Probe  
  31  2:48  Probe  
  31  2:49  Warp Prism, Probe  
  35  2:54  Adept  
  35  3:00  Probe  
  35  3:03  Probe  
  39  3:10  Gateway  
  39  3:15  Immortal  
  41  3:23  Probe  
  44  3:30  Gateway  
  44  3:31  Gateway  
  44  3:33  Probe  
  45  3:40  Pylon  
  45  3:46  Probe  
  45  3:48  Pylon  
  46  3:52  Immortal  
  46  3:58  Probe  
  46  4:02  Probe  
  52  4:05  Pylon  
  52  4:06  Assimilator  
  52  4:10  Probe  
  52  4:14  Probe, Pylon  
  54  4:20  Zealot, Sentry  
  54  4:23  Immortal  
  59  4:25  Zealot  
  59  4:27  Zealot  
  64  4:39  Probe x2  
  64  4:42  Pylon  
  64  4:51  Probe  
  64  4:52  Immortal  
  59  4:56  Probe  
  60  5:06  Gateway  
  64  5:07  Gateway  
  64  5:11  Stalker  
  66  5:17  Sentry  
  66  5:19  Immortal, Probe x2  
  66  5:21  Assimilator  
  70  5:34  Probe  
  75  5:36  Zealot, Sentry, Pylon  
  79  5:43  Gateway  
  79  5:45  Pylon  
  79  5:46  Sentry  
  81  5:53  Zealot  
  81  5:54  Observer  
  81  5:56  Pylon  
  83  5:59  Pylon  
  84  6:04  Sentry  
  84  6:05  Zealot x2  
  90  6:18  Stalker x3  
  90  6:23  Pylon  
  96  6:37  Zealot  
  96  6:38  Zealot x3  
  104  6:49  Sentry  
  104  6:50  Zealot, Sentry  
  110  7:00  Immortal  
  114  7:03  Zealot x3, Sentry  
  118  7:16  Sentry x2  
  118  7:17  Zealot  
  100  7:30  Immortal  
  94  7:37  Zealot x4, Sentry  
  94  7:40  Sentry  
  94  7:41  Zealot  
  112  7:44  Pylon  
  112  7:51  Pylon  
  108  7:59  Sentry  
  108  8:00  Zealot x2  
  104  8:08  Zealot x7  
  108  8:16  Immortal  
  96  8:30  Sentry x3  
  96  8:31  Sentry  
  96  8:32  Zealot  
  96  8:33  Zealot  
  100  8:47  Sentry  
  100  8:53  Sentry  
  100  8:54  Zealot x3, Sentry  
  98  9:13  Immortal  
  84  9:27  Zealot x3, Sentry x2  
  84  9:28  Zealot x2  
  102  9:45  Sentry  
  102  9:46  Sentry  
  102  9:48  Zealot x4, Sentry  
  92  10:09  Immortal  
  84  10:23  Zealot x5, Sentry x2  
  98  10:45  Sentry  
  98  10:46  Zealot x4, Sentry x2  
  106  11:07  Zealot x4  
  106  11:10  Zealot, Sentry  
  109  11:12  Sentry  
  111  11:23  Zealot  
  99  11:32  Zealot x4  
  87  11:40  Sentry x3  
  93  11:53  Sentry x2  
  95  11:54  Zealot x2  
  95  11:58  Zealot  
  99  12:15  Sentry  
  93  12:16  Zealot x4  
  93  12:19  Sentry x2  
  67  12:54  Zealot, Sentry x2  
  67  12:55  Zealot x4  
  67  12:58  Robotics Bay  
  81  13:00  Observer  
  82  13:16  Zealot x3, Sentry  
  89  13:20  Zealot  
  75  13:38  Disruptor  
  75  13:39  Sentry x2  
  75  13:52  Zealot x2  
  78  13:59  Sentry  
  78  14:02  Disruptor  
  78  14:10  Sentry  
  83  14:29  Sentry x2  
  83  14:30  Zealot x2  
  91  14:44  Pylon  
  91  14:45  Sentry x2  
  93  14:48  Zealot  
  97  15:04  Sentry x2  
  97  15:05  Zealot  
Tags
 
Add a new tag
Caveats
  • Supply blocks, unpowered buildings, or Contaminate may cause inaccurate times.
  • Supply counts are checked every 10 seconds.